 Seeded DCSS version 0.28-a0-723-g095bd1b44f (webtiles) character file.

Game seed: 17428681369516740799 (custom seed)

87 cheechan the Chopper (level 4, -4/42 HPs)
             Began as a Naga Chaos Knight on Oct 25, 2021.
             Was a Plaything of Xom.
             Slain by a hornet zombie (5 damage)
             ... on level 3 of the Dungeon.
             The game lasted 00:08:07 (1525 turns).

cheechan the Chopper (Naga Chaos Knight)            Turns: 1525, Time: 00:08:09

Health: -4/42      AC: 11    Str: 15    XL:     4   Next: 51%
Magic:  4/4        EV:  9    Int: 13    God:    Xom [...*..]
Gold:   134        SH:  0    Dex: 10    Spells: 2/3 levels left

rFire   . . .      SeeInvis +   a - +0 hand axe (chaos)
rCold   . . .      Faith    .   (no shield)
rNeg    . . .      Spirit   .   b - +2 leather armour
rPois   +          Reflect  .   (no helmet)
rElec   .          Harm     .   (no cloak)
rCorr   .          Rampage  .   c - +1 pair of gloves
Will    .....                   (no barding)
Stlth   +.........              i - amulet of the acrobat
HPRegen 0.14/turn               (no ring)
MPRegen 0.09/turn               (no ring)

@: unable to read, very slow
A: AC +1, large, see invisible, deformed body, poison resistance, slowness 2,
spit poison 1, naga tail 1, iridescent scales 2, inability to read while
threatened
a: Spit Poison, Renounce Religion


You were on level 3 of the Dungeon.
You worshipped Xom.
You were a favourite toy of Xom.
You visited 1 branch of the dungeon, and saw 3 of its levels.

You collected 134 gold pieces.

Inventory:

Hand Weapons
 a - a +0 hand axe of chaos (weapon)
 d - a +0 scythe
Missiles
 e - 33 bolts
 g - 22 stones
Armour
 b - a +2 leather armour (worn)
 c - a +1 pair of gloves (worn)
Jewellery
 i - an amulet of the acrobat (around neck)
Scrolls
 j - 3 scrolls of magic mapping {unknown}
Potions
 h - a potion of lignification {unknown}


   Skills:
 + Level 3.5 Fighting
 + Level 4.1 Axes
 + Level 1.9 Armour
 + Level 1.0 Dodging
 + Level 0.1 Spellcasting
 + Level 0.7 Conjurations
 + Level 0.5 Air Magic


You had 2 spell levels left.
You knew the following spells:

 Your Spells              Type           Power      Damage    Failure   Level
a - Shock                 Conj/Air       4%         1d3       28%         1

Your spell library contained the following spells:

 Spells                   Type           Power      Damage    Failure   Level
 Corpse Rot               Necr/Air       0%         N/A       45%         2
 Poisonous Vapours        Pois/Air       0%         N/A       45%         2
 Swiftness                Air            1%         N/A       65%         3
 Airstrike                Air            0%         N/A       96%         4


Dungeon Overview and Level Annotations

Branches:
Dungeon (3/15)

Altars:


Innate Abilities, Weirdness & Mutations

Your serpentine skin is tough. (AC +1)
You have supernaturally acute eyesight. (SInv)
Armour fits poorly on your strangely shaped body.
Your system is resistant to poisons. (rPois)
You cover ground very slowly.
You can spit poison.
You have a snake-like lower body.
You are mostly covered in iridescent scales. (AC +4)
You sometimes lose the ability to read scrolls when taking damage.


Message History

You hit the kobold. You drain the kobold.
You kill the kobold!
Things that are here:
a +0 short sword; a kobold corpse
There is a stone staircase leading down here.
You climb downwards.
You hear the sound of rushing water.
There is an entrance to a sewer on this level.
Hurry and find it before the portal rusts away!
There is a stone staircase leading up here.
Abil: Spit Poison
Press: ? - help, Q - select action, (/) - cycle Shift-Dir - straight line, f - hornet zombie
Aim: a hornet zombie The splash of poison hits the hornet zombie.
The hornet zombie completely resists.
You closely miss the hornet zombie. The hornet zombie hits you.
You hit the hornet zombie but do no damage.
The hornet zombie hits you!
You barely miss the hornet zombie. The hornet zombie hits you.
The hornet zombie hits you!
You hit the hornet zombie but do no damage.
The hornet zombie is moving more slowly.
The hornet zombie barely misses you.
You hit the hornet zombie.
The hornet zombie hits you but does no damage.
The hornet zombie hits you!
* * * LOW HITPOINT WARNING * * *
The hornet zombie hits you!
* * * LOW HITPOINT WARNING * * *
The hornet zombie completely misses you.
You have got your breath back.
There is a stone staircase leading up here.
It was a potion of mutation.
You feel extremely strange.
You lose the ability to read scrolls when threatened.
Iridescent scales grow over part of your body.
Iridescent scales spread over more of your body.
Xom roars with laughter!
The hornet zombie hits you.
You feel threatened and lose the ability to read scrolls!
You die...
Xom chortles!

### #..
#.# #.#
#@# #Z#
.......Z#
...####..
#.## #.#
#.# #.#
#.#


You could see 2 hornet zombies.

Vanquished Creatures
  Terence (D:2)
  3 adders (D:2)
  A ball python (D:1)
  An endoplasm (D:2)
  2 giant cockroaches (D:1)
  4 goblins
  5 hobgoblins
  3 kobolds
  3 quokkas (D:1)
  2 bats
  3 frilled lizards
  3 rats
31 creatures vanquished.

Notes
Turn   | Place    | Note
-------+----------+-------------------------------------------
     0 | D:1      | cheechan the Naga Chaos Knight began the quest for the Orb.
     0 | D:1      | Reached XP level 1. HP: 21/21 MP: 1/1
    87 | D:1      | XOM: divination: detect items
   151 | D:1      | Reached XP level 2. HP: 12/28 MP: 2/2
   335 | D:1      | Found a faded altar of an unknown god.
   335 | D:1      | XOM: 2-stop teleportation journey
   470 | D:1      | XOM: 2-stop teleportation journey
   541 | D:1      | Learned a level 1 spell: Shock
   769 | D:2      | Reached XP level 3. HP: 34/34 MP: 0/3
   892 | D:2      | Noticed Terence
   905 | D:2      | Killed Terence
   906 | D:2      | Reached skill level 4 in Axes
   906 | D:2      | Reached skill level 1 in Dodging
   906 | D:2      | Reached XP level 4. HP: 23/42 MP: 0/4
  1116 | D:2      | XOM: potion effect (haste)
  1455 | D:2      | XOM: divination: detect items
  1523 | D:3      | HP: 1/42 [hornet zombie (9)]
  1525 | D:3      | Gained mutation: You sometimes lose the ability to read
                  | scrolls when taking damage. [potion of mutation]
  1525 | D:3      | Gained mutation: You are partially covered in iridescent
                  | scales. (AC +2) [potion of mutation]
  1525 | D:3      | Gained mutation: You are mostly covered in iridescent
                  | scales. (AC +4) [potion of mutation]
  1525 | D:3      | Slain by a hornet zombie

Illustrated notes

Levels and vault maps discovered:
D:1:      heliophobic_arrival_dark_side_of_the_moon, layout_rooms,
          ebering_ecumenical_altar_rust, amcnicky_mini_rare_corridor_liquid,
          minmay_bisected
D:2:      layout_loops_ring, uniq_terence
D:3:      layout_loops_ring, gup_sewer_entry_glass

Skill      XL: |  1  2  3 |
---------------+----------+-----
Axes           | 4 |  4.1
Dodging        | 1 |  1.0
Fighting       | |  3.5
Armour         | |  1.9
Spellcasting   | |  0.1
Conjurations   | |  0.7
Air Magic      | |  0.5

Action                   |  1- 3 |  4- 6 || total
-------------------------+-------+-------++-------
Melee: Hand axe          |    61 |    27 ||    88
 Cast: Shock             |     4 |       ||     4
 Abil: Spit Poison       |     9 |     6 ||    15
  Use: Scroll            |     1 |       ||     1
       Potion            |       |     1 ||     1
Armor: Leather armour    |    51 |     9 ||    60
Dodge: Dodged            |    58 |    12 ||    70

Table legend: (Time is in decaauts)
 A = Elapsed time spent in this place.
 B = Non-inter-level travel time spent in this place.
 C = Inter-level travel time spent in this place.
 D = Time resting spent in this place.
 E = Time spent auto-exploring this place.
 F = Levels seen in this place.
 G = Mean time per level.
                   A        B        C        D        E       F      G
               +--------+--------+--------+--------+--------+-----+--------+
         Total |   2015 |   1979 |     36 |    126 |      0 |   3 |  671.7 |
       Dungeon |   2015 |   1979 |     36 |    126 |      0 |   3 |  671.7 |
               +--------+--------+--------+--------+--------+-----+--------+

Top non-repeatable levels by time:
     D:1: 1038 daAuts
     D:2: 966 daAuts
     D:3: 10 daAuts
